 Dungeon Crawl Stone Soup version 0.17.0-28-g6e173f8 (console) character file.

188 Kloppie the Chopper (level 5, -5/48 HPs)
             Began as a Hill Orc Fighter on Nov 29, 2015.
             Was an Initiate of Elyvilon.
             Slain by a river rat (7 damage)
             ... in a sewer.
             The game lasted 00:03:28 (1984 turns).

Kloppie the Chopper (Hill Orc Fighter)              Turns: 1984, Time: 00:03:29

Health: -5/48      AC:  7    Str: 19    XL:     5   Next: 67%
Magic:  5/5        EV:  7    Int:  8    God:    Elyvilon [......]
Gold:   107        SH:  9    Dex: 11    Spells: 0 memorised, 4 levels left

rFire  . . .     SeeInvis .     a - +0 war axe
rCold  . . .     Clarity  .     b - +0 scale mail
rNeg   . . .     SustAt   .     c - +0 shield
rPois  .         Gourm    .     (no helmet)
rElec  .         Spirit   .     (no cloak)
rCorr  .         Warding  .     (no gloves)
rMut   .         Stasis   .     (no boots)
MR     .....                    (no amulet)
Stlth  ..........               (no ring)
                                (no ring)

@: not resistant to hostile enchantments, extremely unstealthy
A: no striking features
a: Renounce Religion


You were in a sewer.
You worshipped Elyvilon.
Elyvilon was noncommittal.
You were not hungry.

You visited 1 branch of the dungeon, and saw 3 of its levels.
You also visited: Sewer.

You collected 107 gold pieces.

Inventory:

Hand Weapons
 a - a +0 war axe (weapon)
Armour
 b - a +0 scale mail (worn)
 c - a +0 shield (worn)
 r - a +0 plate armour
 s - a +0 chain mail
Jewellery
 i - an uncursed ring of wizardry {unknown}
 o - an uncursed ring of positive energy {unknown}
Scrolls
 g - a scroll of noise {unknown}
 h - 2 scrolls of amnesia {unknown}
 j - a scroll of recharging {unknown}
 n - 4 scrolls of identify {unknown}
 p - 2 scrolls of remove curse {unknown}
Potions
 d - a potion of might
 f - a potion of ambrosia {unknown}
 k - 2 potions of curing {unknown}
 m - a potion of degeneration {unknown}
 t - 2 potions of cancellation {unknown}
Comestibles
 e - 4 bread rations
 l - a slice of pizza
 q - a chunk of flesh
 u - 4 fruits


   Skills:
 - Level 5.2 Fighting
 + Level 5.3 Axes
 + Level 4.3 Armour
 - Level 3.2 Shields


You had 4 spell levels left.
You didn't know any spells.

Dungeon Overview and Level Annotations

Branches:
Dungeon (3/15)

Altars:
Elyvilon


Message History

The river rat is moderately wounded.
You block the river rat's attack. The river rat closely misses you.
The river rat bites you.
* * * LOW HITPOINT WARNING * * *
You hit the river rat but do no damage. You hit the river rat.
The river rat is severely wounded.
The river rat bites you but does no damage.
The river rat bites you.
* * * LOW HITPOINT WARNING * * *
You closely miss the river rat. You hit the river rat.
You kill the river rat!
The river rat closely misses you.
You closely miss the river rat. You closely miss the rat.
You block the rat's attack. The river rat bites you.
* * * LOW HITPOINT WARNING * * *
You block the rat's attack.
You hit the river rat but do no damage. You hit the rat.
You kill the rat!
The river rat bites you!
You die...

###
#.#
#.#
#r#
#@#
#r#
#.#
#∩#
#.#
#.#
#.#
#.#
#.#


You could see a river rat and a rat.

Vanquished Creatures
  An ogre (D:3)
  2 adders (D:2)
  3 river rats
  2 oozes
  2 orcs
  15 hobgoblins
  8 bats
  3 giant cockroaches
  4 giant newts
  2 goblins
  3 jackals
  4 kobolds
  9 rats
58 creatures vanquished.

Notes
Turn   | Place    | Note
--------------------------------------------------------------
     0 | D:1      | Kloppie the Hill Orc Fighter began the quest for the Orb.
     0 | D:1      | Reached XP level 1. HP: 19/19 MP: 1/1
   205 | D:1      | Reached skill level 4 in Fighting
   205 | D:1      | Reached XP level 2. HP: 25/27 MP: 2/2
   858 | D:2      | Reached XP level 3. HP: 34/34 MP: 3/3
  1204 | D:2      | Reached skill level 5 in Fighting
  1204 | D:2      | Reached XP level 4. HP: 31/42 MP: 4/4
  1319 | D:2      | Found a white marble altar of Elyvilon.
  1326 | D:2      | Became a worshipper of Elyvilon the Healer
  1880 | D:3      | Found a glowing drain.
  1882 | D:3      | Noticed an ogre
  1908 | D:3      | Killed an ogre
  1908 | D:3      | Reached skill level 5 in Axes
  1908 | D:3      | Reached XP level 5. HP: 18/48 MP: 5/5
  1973 | Sewer    | Entered a sewer
  1983 | Sewer    | HP: 2/48 [river rat (1)]
  1984 | Sewer    | Slain by a river rat

Action                   |  1- 3 |  4- 6 || total
-------------------------+-------+-------++-------
Melee: War axe           |   107 |    85 ||   192
  Use: Potion            |       |     1 ||     1
  Eat: Chunk             |       |     4 ||     4
